 Dungeon Crawl Stone Soup version 0.18-a0-1643-gb89d9db (webtiles) character file.

266 Oddball22 the Skirmisher (level 6, -3/51 HPs)
             Began as a Demonspawn Monk on Mar 28, 2016.
             Slain by Crazy Yiuf
             ... wielding a +3 quarterstaff of chaos
              (8 damage)
             ... on level 2 of the Dungeon.
             The game lasted 00:03:46 (2485 turns).

Oddball22 the Skirmisher (Demonspawn Monk)          Turns: 2485, Time: 00:03:46

Health: -3/51      AC:  7    Str: 12    XL:     6   Next: 0%
Magic:  5/6        EV: 13    Int: 11    God:
Gold:   65         SH:  0    Dex: 17    Spells: 0 memorised, 5 levels left

rFire  . . .     SeeInvis .     d - +1 short sword (protect)
rCold  . . .     Gourm    .     a - +0 robe
rNeg   . . .     Faith    .     (no shield)
rPois  .         Spirit   .     (helmet restricted)
rElec  .         Dismiss  .     (no cloak)
rCorr  .         Reflect  .     (no gloves)
SustAt .         Harm     .     (no boots)
MR     .....                    (no amulet)
Stlth  +++.......               (no ring)
                                (no ring)

@: lethally poisoned (-3 -> -7), drained, not resistant to hostile enchantments,
fairly stealthy
A: antennae 1, nightstalker 1, rot immunity
a: no special abilities


You were on level 2 of the Dungeon.
You were near starving.

You visited 1 branch of the dungeon, and saw 2 of its levels.

You collected 65 gold pieces.

Inventory:

Hand Weapons
 d - a +1 short sword of protection (weapon)
Armour
 a - a +0 robe (worn)
Jewellery
 o - an uncursed ring of see invisible {unknown}
Scrolls
 f - a scroll of random uselessness {unknown}
 j - a scroll of amnesia {unknown}
 k - 3 scrolls of remove curse {unknown}
 m - 3 scrolls of identify {unknown}
 q - a scroll of noise {unknown}
Potions
 e - 2 potions of lignification {unknown}
 g - a potion of curing
 h - a potion of cure mutation {unknown}
 i - a potion of degeneration {unknown}
 n - a potion of brilliance {unknown}
 p - a potion of flight {unknown}
Comestibles
 b - 3 bread rations
 l - a meat ration


   Skills:
 * Level 5.2(4.7) Fighting
 + Level 3.5(3.0) Dodging
 - Level 1.7(1.2) Stealth
 + Level 4.7(4.2) Unarmed Combat


You had 5 spell levels left.
You didn't know any spells.

Dungeon Overview and Level Annotations

Branches:
Dungeon (2/15)

Altars:
Elyvilon
Trog
Xom
Yredelemnul

Annotations:
D:2 Crazy Yiuf


Innate Abilities, Weirdness & Mutations

You have a pair of small antennae on your head.
You are slightly more attuned to the shadows.
You are immune to rotting.


Message History

Something hits you but does no damage.
You barely miss something. Something hits you!
You barely miss something. Something hits you.
You completely miss something. You punch something. Something hits you.
You feel drained.
You hit something. Something hits you!
You are poisoned.
You closely miss something.
You feel sick. Something hits you but does no damage.
You hit something.
You feel sick. Something hits you.
You feel drained.
You barely miss something.
You feel sick. Something hits you.
You feel your power leaking away.
You hit something. Something hits you!
* * * LOW HITPOINT WARNING * * *
Something freezes you.
* * * LOW HITPOINT WARNING * * *
You miss something.
* * * LOW HITPOINT WARNING * * *
You feel sick. Something hits you!
You die...

## .# .# .######♣♣ #####
.#.....P♣♣ ♣♣#..)# ########
.#.....PP♣♣♣♣.'.@{# #......#
.#.#...PP.♣..♣#...# ######.#
.........♣.♣♣♣##### #...>#.#
.#.####♣♣♣♣♣ ####.#.# .#.# #.#.#
.#.# ########## ### #.#.#
.#.#####........###.####.#.#
.#.#....####....##.......#.#####
.........##<...................#


There were no monsters in sight!

Vanquished Creatures
  Sigmund (D:2)
  Jessica (D:2)
  Natasha (D:2)
  A worm (D:2)
  A giant gecko (D:2)
  An orc (D:2)
  4 giant cockroaches
  6 goblins
  5 hobgoblins
  2 jackals (D:1)
  A quokka (D:2)
  A ball python (D:1)
  11 bats
  4 giant newts
  9 kobolds
  5 rats
  A bush (D:2)
55 creatures vanquished.

Notes
Turn   | Place    | Note
--------------------------------------------------------------
     0 | D:1      | Oddball22 the Demonspawn Monk began the quest for the Orb.
     0 | D:1      | Reached XP level 1. HP: 18/18 MP: 1/1
   493 | D:1      | Gained mutation: You have a pair of small antennae on your head. [demonic ancestry]
   493 | D:1      | Reached XP level 2. HP: 24/24 MP: 2/2
   981 | D:2      | Found a bloodstained altar of Trog.
   990 | D:2      | Reached XP level 3. HP: 27/29 MP: 3/3
  1043 | D:2      | Noticed Jessica
  1056 | D:2      | Killed Jessica
  1218 | D:2      | Found a shimmering altar of Xom.
  1277 | D:2      | Gained mutation: You are immune to rotting. [demonic ancestry]
  1277 | D:2      | Reached XP level 4. HP: 35/37 MP: 4/4
  1298 | D:2      | Found a white marble altar of Elyvilon.
  1465 | D:2      | Reached skill level 4 in Fighting
  1498 | D:2      | Noticed Sigmund
  1521 | D:2      | Killed Sigmund
  1521 | D:2      | Reached skill level 5 in Fighting
  1521 | D:2      | Reached XP level 5. HP: 15/44 MP: 5/5
  2111 | D:2      | Found a basalt altar of Yredelemnul.
  2152 | D:2      | Noticed Natasha
  2166 | D:2      | Killed Natasha
  2229 | D:2      | Gained mutation: You are slightly more attuned to the shadows. [demonic ancestry]
  2229 | D:2      | Reached XP level 6. HP: 51/51 MP: 6/6
  2473 | D:2      | Noticed Crazy Yiuf
  2485 | D:2      | Slain by Crazy Yiuf

Vault maps used:
D:1:      dpeg_arrival_pits
D:2:      wad_lake_hut, kennysheep_ying_yang, xom_teletrap_fun, first_bread,
          trog_butcher_becter, uniq_natasha, uniq_jessica, uniq_sigmund,
          uniq_crazy_yiuf_cottage

Skill      XL: |  1  2  3  4 |
---------------+-------------+-----
Unarmed Combat | 4 |  4.7
Dodging        | 3 |  3.5
Fighting       | 5 |  5.2
Stealth        | |  1.7

Action                   |  1- 3 |  4- 6 || total
-------------------------+-------+-------++-------
Melee: Unarmed           |    29 |       ||    29
       Short sword       |   105 |   256 ||   361
 Stab: Sleeping          |     3 |     2 ||     5
  Eat: Chunk             |     1 |     3 ||     4
